 Dungeon Crawl Stone Soup version 0.24-a0-779-g36f0aeb (webtiles) character file.

Game seed: 16428020094694749922, levelgen mode: deterministic

1271 2tousent the Covert (level 8, -7/58 HPs)
             Began as a Formicid Fighter on Oct 7, 2019.
             Engulfed by Pikel's flame (16 damage)
             ... on level 5 of the Dungeon.
             The game lasted 00:12:50 (4934 turns).

2tousent the Covert (Formicid Fighter)              Turns: 4934, Time: 00:12:51

Health: -7/58      AC:  8    Str: 21    XL:     8   Next: 83%
Magic:  8/8        EV:  7    Int:  8    God:
Gold:   204        SH:  9    Dex: 12    Spells: 7/7 levels left

rFire    . . .     SeeInvis +   a - +0 rapier
rCold    . . .     Gourm    .   c - +0 shield
rNeg     . . .     Faith    .   b - +0 scale mail
rPois    .         Spirit   .   (helmet unavailable)
rElec    .         Reflect  .   (no cloak)
rCorr    .         Harm     .   r - +0 pair of gloves
MR       .....                  (no boots)
Stlth    +++.......             (no amulet)
HPRegen  0.19/turn              (no ring)
MPRegen  0.11/turn              (no ring)

@: no status effects
A: permanent stasis, dig shafts and tunnels, four strong arms, antennae 3
a: Dig, Shaft Self


You were on level 5 of the Dungeon.
You were not hungry.

You visited 1 branch of the dungeon, and saw 6 of its levels.

You collected 204 gold pieces.

Inventory:

Hand Weapons
 a - a +0 rapier (weapon)
 x - a +0 spear
Armour
 b - a +0 scale mail (worn)
 c - a +0 shield (worn)
 r - a +0 pair of gloves (worn)
 w - a +0 pair of gloves
Jewellery
 z - a +3 ring of evasion {unknown}
Wands
 s - a wand of random effects (3)
Scrolls
 e - a scroll of teleportation {unknown}
 g - 2 scrolls of noise {unknown}
 h - a scroll of identify {unknown}
 j - a scroll of remove curse {unknown}
 n - a scroll of fog {unknown}
 t - a scroll of enchant armour {unknown}
 y - a scroll of enchant weapon {unknown}
Potions
 d - a potion of might
 i - a potion of haste {unknown}
 k - a potion of resistance
 l - 3 potions of curing {unknown}
 m - a potion of heal wounds {unknown}
 o - 2 potions of lignification
 p - a potion of agility {unknown}
 q - a potion of invisibility {unknown}
 u - 2 potions of flight {unknown}
 v - 2 potions of magic {unknown}
Comestibles
 f - 4 rations


   Skills:
 - Level 3.2 Fighting
 * Level 7.3 Short Blades
 - Level 3.2 Armour
 * Level 9.1 Stealth
 - Level 3.6 Shields


You had 7 spell levels left.
You didn't know any spells.
Your spell library was empty.

Dungeon Overview and Level Annotations

Branches:
Dungeon (6/15)
 Temple: D:4-7

Altars:
Ashenzari

Shops:
D:5 }

Annotations:
D:4 3 runed translucent doors, tuf08440's ghost, amateur MfGl
D:5 3 runed translucent doors, Pikel; enarc13's ghost, amateur FeTm


Innate Abilities, Weirdness & Mutations

You cannot be hasted, slowed, berserked, paralysed or teleported.
You can dig through walls and to a lower floor.
Your four strong arms can wield two-handed weapons with a shield.
You have a pair of large antennae on your head. (SInv)


Message History

You block Pikel's attack.
You closely miss Pikel.
Pikel is lightly wounded.
Pikel hits you but does no damage.
You closely miss Pikel.
Pikel is lightly wounded.
Pikel zaps a wand.
Pikel creates a blast of flame!
You hit Pikel but do no damage.
Pikel is lightly wounded.
You are engulfed in blazing flames.
Pikel hits you with a +0 whip of electrocution.
You puncture Pikel!
Pikel is moderately wounded.
You are engulfed in blazing flames.
* * * LOW HITPOINT WARNING * * *
You block Pikel's attack.
You hit Pikel but do no damage.
Pikel is moderately wounded.
You are engulfed in blazing flames.
You die...

#....###...#.#..###...#.....
#......[...#.#..###...###..#
#..........#.#..............
#............#..#.######....
#######......#....##........
......p.p...##.#####.##....#
.?.....{#{p................#
........#p####§#.#####......
........#pK@§§§#.........#..
........#############.......
......... #.........∩.
......... #.###....###
#.#...#..... #.#.###.####
#.#.###.# #.#.....#
..#..####


You could see Pikel and 2 slaves.

Vanquished Creatures
  Prince Ribbit (D:6)
  2 ogres (D:4)
  Blork the orc (D:4)
  A bullfrog (D:6)
  A scorpion (D:5)
  A howler monkey (D:4)
  3 crimson imps
  2 hounds
  2 orc priests
  An orc wizard (D:5)
  Natasha (thrice) (D:3)
  5 worker ants
  A worker ant zombie (D:5)
  7 gnolls
  7 adders
  A shadow imp (D:5)
  2 oozes
  An adder skeleton (D:4)
  4 worms
  A dart slug (D:2)
  3 leopard geckos
  9 orcs
  2 ball pythons
  10 bats
  4 giant cockroaches
  5 goblins
  9 hobgoblins
  6 jackals
  5 frilled lizards
  6 kobolds
  2 leopard gecko skeletons (D:4)
  6 rats
114 creatures vanquished.

Notes
Turn   | Place    | Note
-------+----------+-------------------------------------------
     0 | D:1      | 2tousent the Formicid Fighter began the quest for the Orb.
     0 | D:1      | Reached XP level 1. HP: 18/18 MP: 1/1
    45 | D:1      | Reached skill level 1 in Stealth
    50 | D:1      | Reached XP level 2. HP: 20/24 MP: 2/2
   555 | D:1      | Reached skill level 2 in Stealth
   713 | D:1      | Reached XP level 3. HP: 28/29 MP: 3/3
  1164 | D:2      | Reached skill level 3 in Stealth
  1164 | D:2      | Reached XP level 4. HP: 35/35 MP: 4/4
  1429 | D:3      | Found a shattered altar of Ashenzari.
  1666 | D:3      | Noticed Natasha
  1698 | D:3      | Killed Natasha
  1698 | D:3      | Reached skill level 4 in Stealth
  1698 | D:3      | Reached XP level 5. HP: 14/41 MP: 5/5
  1735 | D:3      | Noticed Natasha
  1742 | D:3      | Killed Natasha
  1839 | D:3      | Noticed Natasha
  1861 | D:3      | Killed Natasha
  2203 | D:3      | Reached XP level 6. HP: 35/47 MP: 6/6
  2489 | D:4      | Noticed Blork the orc
  2495 | D:4      | Killed Blork the orc
  2495 | D:4      | Reached skill level 5 in Stealth
  2587 | D:4      | Noticed an ogre
  2593 | D:4      | Killed an ogre
  2593 | D:4      | Reached skill level 5 in Short Blades
  2671 | D:4      | Noticed an ogre
  2677 | D:4      | Reached XP level 7. HP: 40/52 MP: 7/7
  2685 | D:4      | Reached skill level 6 in Stealth
  3053 | D:4      | Found a runed translucent gate.
  3053 | D:4      | Found a runed translucent gate.
  3053 | D:4      | Noticed tuf08440's ghost (amateur MfGl)
  3053 | D:4      | Identified the +8 short sword "Loalyske" {chaos, +Inv rElec
                  | rPois}
  3054 | D:4      | Found a runed translucent gate.
  3244 | D:4      | Reached skill level 7 in Stealth
  3769 | D:5      | Entered Level 5 of the Dungeon
  3791 | D:5      | Reached XP level 8. HP: 48/58 MP: 8/8
  3997 | D:5      | Found a runed translucent gate.
  3997 | D:5      | Found a runed translucent gate.
  3998 | D:5      | Found a runed translucent gate.
  4032 | D:5      | Noticed enarc13's ghost (amateur FeTm)
  4131 | D:6      | Noticed Prince Ribbit
  4145 | D:6      | Killed Prince Ribbit
  4145 | D:6      | Reached skill level 8 in Stealth
  4434 | D:5      | HP: 2/58 [poisoned by a scorpion]
  4667 | D:5      | Reached skill level 9 in Stealth
  4857 | D:5      | Found Vuopod's Gadget Boutique.
  4908 | D:5      | Noticed Pikel
  4934 | D:5      | Engulfed by Pikel's flame

Levels and vault maps discovered:
D:1:      ebering_hopf_link, layout_basic
D:2:      layout_rooms, first_ration
D:3:      layout_loops_ring, nicolae_overflow_crystal_walls,
          kennysheep_generic_room_11, uniq_natasha
D:4:      minmay_skewed_foursquare, layout_basic, gammafunk_ghost_nasty_kobolds,
          uniq_blork_the_orc
D:5:      layout_basic, minmay_temple_entry_overgrown, gammafunk_ghost_split,
          serial_shops, shop, uniq_pikel
D:6:      layout_cave_pools, overflow_temple_1_default,
          fedhas_altar_decomposition, serial_shops, shop,
          kennysheep_generic_room_16, uniq_duvessa, uniq_prince_ribbit1

Skill      XL: |  1  2  3  4  5  6  7  8 |
---------------+-------------------------+-----
Stealth        | 1 2 3 4 5 7 9 |  9.1
Short Blades   | 3 4 5 6 7 |  7.3
Fighting       | |  3.2
Armour         | |  3.2
Shields        | |  3.6

Action                   |  1- 3 |  4- 6 |  7- 9 || total
-------------------------+-------+-------+-------++-------
Melee: Rapier            |   128 |   139 |   285 ||   552
Evoke: Wand              |       |     1 |    12 ||    13
  Use: Potion            |       |       |     2 ||     2
 Stab: Sleeping          |       |     1 |     3 ||     4
  Eat: Chunk             |       |     6 |     5 ||    11
       Ration            |       |       |     1 ||     1
Armor: Scale mail        |    76 |    47 |    86 ||   209
       Skin              |       |       |    11 ||    11
Dodge: Dodged            |    46 |    51 |    69 ||   166
Block: Shield            |    85 |    68 |   134 ||   287

Table legend:
 A = Non-vault XP
 B = Vault XP
 C = Vault XP percentage of total XP
 D = Non-vault monster count
 E = Vault monster count
 F = Vault count percentage of total count
                 A         B        C        D         E       F
            +---------+---------+-------+---------+---------+-------
      Total |    1330 |     486 |  26.8 |     104 |      10 |   8.8
            +---------+---------+-------+---------+---------+-------
        D:1 |      52 |       0 |   0.0 |      27 |       0 |   0.0
        D:2 |      29 |       0 |   0.0 |      10 |       0 |   0.0
        D:3 |     144 |      56 |  28.0 |      27 |       3 |  10.0
        D:4 |     470 |     175 |  27.1 |      17 |       6 |  26.1
        D:5 |     447 |       0 |   0.0 |      20 |       0 |   0.0
        D:6 |     188 |     255 |  57.6 |       3 |       1 |  25.0
            +---------+---------+-------+---------+---------+-------
